 Dungeon Crawl Stone Soup version 0.29-a0-321-gf1c400731a (webtiles) character file.

Game seed: 3828930621221052732

4 kae the Firebug (level 1, 0/11 HPs)
             Began as a Tengu Fire Elementalist on Apr 4, 2022.
             Slain by a bat (1 damage)
             ... on level 1 of the Dungeon.
             The game lasted 00:00:07 (57 turns).

kae the Firebug (Tengu Fire Elementalist)             Turns: 57, Time: 00:00:08

Health: 0/11       AC:  2    Str:  8    XL:     1   Next: 70%
Magic:  2/4        EV: 12    Int: 15    God:
Gold:   0          SH:  0    Dex: 14    Spells: 3/4 levels left

rFire   . . .      SeeInvis .   (no weapon)
rCold   . . .      Faith    .   (no shield)
rNeg    . . .      Spirit   .   a - +0 robe
rPois   .          Reflect  .   (helmet restricted)
rElec   .          Harm     .   (no cloak)
rCorr   .          Rampage  .   (no gloves)
Will    .....                   (boots unavailable)
Stlth   ++........              (no amulet)
HPRegen 0.03/turn               (no ring)
MPRegen 0.09/turn               (no ring)

@: no status effects
A: beak, talons 3
a: no special abilities


You were on level 1 of the Dungeon.
You visited 1 branch of the dungeon, and saw 1 of its levels.

Inventory:

Armour
 a - a +0 robe (worn)
Potions
 b - a potion of magic


   Skills:
 + Level 0.4 Fighting
 + Level 0.1 Armour
 + Level 2.2 Dodging
 - Level 2.0 Stealth
 + Level 2.0 Spellcasting
 + Level 1.4 Conjurations
 * Level 3.4 Fire Magic


You had 3 spell levels left.
You knew the following spells:

 Your Spells              Type           Power      Damage    Failure   Level
a - Foxfire               Conj/Fire      32%        2x1d5     9%          1

Your spell library contained the following spells:

 Spells                   Type           Power      Damage    Failure   Level
 Scorch                   Fire           22%        2d6       9%          2
 Conjure Flame            Conj/Fire      8%         6-21      24%         3
 Inner Flame              Hex/Fire       6%         N/A       32%         3
 Flame Wave               Conj/Fire      8%         2d5       63%         4


Dungeon Overview and Level Annotations

Branches:
Dungeon (1/15)

Altars:


Innate Abilities, Weirdness & Mutations

You have a beak for a mouth.
You have claws for feet.


Message History

You hit the jackal but do no damage. Your peck misses the jackal.
The jackal barely misses you.
You closely miss the jackal. You peck the jackal, but do no damage.
The jackal misses you.
You hit the jackal but do no damage. You peck the jackal.
The jackal is moderately wounded.
The jackal misses you. The jackal barely misses you.
You hit the jackal. Your kick misses the jackal.
The jackal is severely wounded.
The jackal barely misses you.
You barely miss the jackal. Your kick misses the jackal.
The jackal is severely wounded.
The jackal bites you.
* * * LOW HITPOINT WARNING * * *
The jackal bites you but does no damage.
You barely miss the jackal. Your peck misses the jackal.
The jackal is severely wounded.
The jackal barely misses you.
You hit the jackal but do no damage. You claw the jackal.
You kill the jackal!
You completely miss the jackal. Your kick misses the jackal.
You peck the jackal, but do no damage. The jackal closely misses you.
The jackal bites you but does no damage.
You hit the jackal. You claw the jackal.
You kill the jackal!
You closely miss the kobold. Your kick misses the kobold.
The kobold hits you with a +0 dagger.
* * * LOW HITPOINT WARNING * * *
You barely miss the kobold.
A bat comes into view.
The kobold closely misses you.
You barely miss the kobold. You claw the kobold.
You kill the kobold!
You swing at nothing.
The bat closely misses you.
You swing at nothing.
The bat misses you.
You swing at nothing.
The bat misses you. The bat hits you but does no damage.
You swing at nothing.
The bat hits you.
* * * LOW HITPOINT WARNING * * *
You swing at nothing.
The bat hits you.
You die...

...#..<..#...##
##...###...##
##### ##...## ...
##...##
#.######...#
#........#..# #
#.##...#.##.#
#.#..#.##.###..#.#
......b@)........#
###########..#####
#..## #.K## #..##
#..# #..# ...#
#...


You could see a bat.

Vanquished Creatures
  3 jackals (D:1)
  A kobold (D:1)
4 creatures vanquished.

Vanquished Creatures (others)
  6 foxfires (D:1)
6 creatures vanquished.

Grand Total: 10 creatures vanquished

Notes
Turn   | Place    | Note
-------+----------+-------------------------------------------
     0 | D:1      | kae the Tengu Fire Elementalist began the quest for the
                  | Orb.
     0 | D:1      | Reached XP level 1. HP: 10/10 MP: 4/4
    57 | D:1      | Slain by a bat

Illustrated notes

Levels and vault maps discovered:
D:1:      dpeg_chamrin_arrival_tetris, layout_loops_ring,
          hellmonk_ecumenical_altar_heavens_door

Action                   || total
-------------------------++-------
Melee: Unarmed           ||    15
       Peck              ||     5
       Kick              ||     3
 Cast: Foxfire           ||     4
Armor: Robe              ||     6
Dodge: Dodged            ||    20

Table legend: (Time is in decaauts)
 A = Elapsed time spent in this place.
 B = Non-inter-level travel time spent in this place.
 C = Inter-level travel time spent in this place.
 D = Time resting spent in this place.
 E = Time spent auto-exploring this place.
 F = Levels seen in this place.
 G = Mean time per level.
                   A        B        C        D        E       F      G
               +--------+--------+--------+--------+--------+-----+--------+
         Total |     57 |     57 |      0 |      0 |     22 |   1 |   57.0 |
       Dungeon |     57 |     57 |      0 |      0 |     22 |   1 |   57.0 |
               +--------+--------+--------+--------+--------+-----+--------+

Top non-repeatable levels by time:
     D:1: 57 daAuts
